 Dungeon Crawl Stone Soup version 0.31.0-11-ge490571c62 (webtiles) character file.

Game seed: 8808224276165326183

55 qw the Shooter (level 3, -3/20 HPs)
             Began as a Deep Elf Hunter on Feb 3, 2024.
             Killed by divine providence
             ... invoked by an orc priest
              (9 damage)
             ... on level 3 of the Dungeon.
             The game lasted 00:00:23 (1156 turns).

qw the Shooter (Deep Elf Hunter)                    Turns: 1156, Time: 00:00:23

Health: -3/20      AC:  3    Str: 10    XL:     3   Next: 67%
Magic:  5/5        EV: 12    Int: 13    God:
Gold:   96         SH:  0    Dex: 18    Spells: 2/2 levels left

rFire   . . .        a - +0 shortbow
rCold   . . .        (shield currently unavailable)
rNeg    . . .        c - +0 leather armour
rPois   .            (no helmet)
rElec   .            (no cloak)
rCorr   .            (no gloves)
SInv    .            (no boots)
Will    .....        (no amulet)
Stlth   ++           (no ring)
HPRegen 0.23/turn    (no ring)
MPRegen 0.09/turn

%: no passive effects
@: no status effects
A: no striking features
a: no special abilities


You were on level 3 of the Dungeon.
You visited 1 branch of the dungeon, and saw 3 of its levels.

You collected 96 gold pieces.


   Skills:
 - Level 1.5 Fighting
 + Level 7.2 Ranged Weapons
 - Level 2.4 Dodging
 - Level 1.2 Stealth


You had 2 spell levels left.
You didn't know any spells.
Your spell library was empty.

Inventory:

Hand Weapons
 a - a +0 shortbow (weapon)
Armour
 c - a +0 leather armour (worn)
Potions
 b - a potion of mutation {unknown}
 f - a potion of attraction {unknown}
 g - a potion of degeneration {unknown}
 h - a potion of curing {unknown}

Dungeon Overview and Level Annotations

Branches:
Dungeon (3/15)

Altars:

Shops:
D:1 =


Message History

There is an empty arch of ancient stone here.
There is a stone staircase leading down here.
You climb downwards.
There is a stone staircase leading up here.
Waypoint 2 assigned to D:3.
An orc priest comes into view. It is wielding a +0 hand axe.
You shoot an arrow.
The arrow hits the orc priest but does no damage.
The orc priest shouts!
You hear a shout!
A giant cockroach comes into view.
You shoot an arrow.
The arrow closely misses the orc priest.
An orc comes into view. It is wielding a +0 dagger.
You shoot an arrow.
The arrow closely misses the giant cockroach.
The orc shouts!
The arrow hits the orc.
The orc is severely wounded.
An orc wizard comes into view. It is wielding a +0 dagger.
The orc priest invokes the aid of Beogh against you.
Beogh smites you!
Ouch! That really hurt!
The orc wizard shouts!
You hear a shout!
You shoot an arrow. The arrow hits the giant cockroach.
You kill the giant cockroach!
An orc comes into view. It is wielding a +0 hand axe.
1152 ||| FLEEEEING.
You start resting.
An orc priest is nearby!
You shoot an arrow. The arrow hits the orc priest!
The orc priest is heavily wounded.
The orc priest calls down the wrath of Beogh upon you.
You barely resist. You shoot an arrow. The arrow hits the orc priest.
The orc priest is almost dead.
You hear a shout!
The orc priest mumbles some strange prayers to Beogh against you.
Beogh smites you!
You die...

..o .o. .o
.. .### ...
#####o######
#..@......$#
#.####.###.#
#.# # #.#
#.# #.# #.#
#.#
#.######.#


You could see an orc priest.

Vanquished Creatures
  2 adders (D:2)
  3 bats
  4 endoplasms
  3 giant cockroaches
  3 hobgoblins
  3 quokkas (D:1)
  3 ball pythons
  3 frilled lizards
  2 goblins
  7 kobolds
  4 rats
37 creatures vanquished.

Notes
Turn   | Place    | Note
-------+----------+-------------------------------------------
     0 | D:1      | qw the Deep Elf Hunter began the quest for the Orb.
     0 | D:1      | Reached XP level 1. HP: 12/12 MP: 3/3
     0 | D:1      | 0 ||| qw: Version: 0.3-a-155-g5e7d8dd
     0 | D:1      | 0 ||| qw: Game counter: 3157
     0 | D:1      | 0 ||| qw: Melee chars always use a shield: true
     0 | D:1      | 0 ||| qw: God list: Okawaru
     0 | D:1      | 0 ||| qw: Allow faded altars: false
     0 | D:1      | 0 ||| qw: Do Orc after clearing Dungeon:15 true
     0 | D:1      | 0 ||| qw: Do second Lair branch before Depths: true
     0 | D:1      | 0 ||| qw: Lair rune preference: random
     0 | D:1      | 0 ||| qw: Goals: Normal
     0 | D:1      | 0 ||| PLANNING D:1-11
   126 | D:1      | Reached XP level 2. HP: 15/16 MP: 4/4
   140 | D:1      | Reached skill level 6 in Ranged Weapons
   182 | D:1      | Found Deyxtew's Jewellery Boutique.
   188 | D:1      | 188 ||| SHOPLISTING +6 ring of dexterity (396 gold, have
                  | 12).
   188 | D:1      | 188 ||| SHOPLISTING amulet of faith (440 gold, have 12).
   188 | D:1      | 188 ||| SHOPLISTING amulet of guardian spirit (330 gold,
                  | have 12).
   188 | D:1      | 188 ||| SHOPLISTING amulet of reflection (330 gold, have
                  | 12).
   188 | D:1      | 188 ||| SHOPLISTING amulet of regeneration (330 gold, have
                  | 12).
   188 | D:1      | 188 ||| SHOPLISTING ring of fire (275 gold, have 12).
   188 | D:1      | 188 ||| SHOPLISTING ring of poison resistance (220 gold,
                  | have 12).
   188 | D:1      | 188 ||| SHOPLISTING ring of protection from fire (275 gold,
                  | have 12).
   404 | D:1      | 404 ||| READING scroll labelled SUIPPE TEZXOUCIAM.
   409 | D:1      | 409 ||| READING scroll labelled ZESORPHOWNI.
   410 | D:1      | 410 ||| DROPPING scroll of butterflies.
   538 | D:2      | Reached XP level 3. HP: 20/20 MP: 5/5
   629 | D:2      | Reached skill level 7 in Ranged Weapons
   750 | D:2      | Found a faded altar of an unknown god.
  1058 | D:2      | 1058 ||| READING scroll labelled WEUKETW JATHRE.
  1059 | D:2      | 1059 ||| DRINKING 2 sedimented coppery potions.
  1097 | D:2      | 1097 ||| DROPPING potion of lignification.
  1150 | D:3      | HP: 5/20 [orc priest/divine providence (15)]
  1152 | D:3      | 1152 ||| FLEEEEING.
  1156 | D:3      | Killed from afar by an orc priest

Levels and vault maps discovered:
D:1:      amcnicky_arrival_underground_garden, layout_rooms, serial_shops,
          shop_statue
D:2:      layout_basic, shapermc_ecumenical_altar_venn
D:3:      layout_basic, gammafunk_ghost_mausoleum

Skill      XL: |  1  2  3 |
---------------+----------+-----
Ranged Weapons | 6 7 |  7.2
Fighting       | |  1.5
Dodging        | |  2.4
Stealth        | |  1.2

Action                     || total
---------------------------++-------
   Fire: Shortbow          ||   102
    Use: Scroll            ||     3
         Potion            ||     1
 Armour: Leather armour    ||    12
  Dodge: Dodged            ||    19

Table legend:
 A = Non-vault XP
 B = Vault XP
 C = Vault XP percentage of total XP
 D = Non-vault monster count
 E = Vault monster count
 F = Vault count percentage of total count
                 A         B        C        D         E       F
            +---------+---------+-------+---------+---------+-------
      Total |      79 |       0 |   0.0 |      37 |       0 |   0.0
            +---------+---------+-------+---------+---------+-------
        D:1 |      29 |       0 |   0.0 |      20 |       0 |   0.0
        D:2 |      48 |       0 |   0.0 |      16 |       0 |   0.0
        D:3 |       2 |       0 |   0.0 |       1 |       0 |   0.0
            +---------+---------+-------+---------+---------+-------
